AoeStats
← OOO4971

Arena

510066119Analyzed
4v4 RM · 4d ago on Sep 29, 2026· 48m 14s· 8 players
Game mode
Random Map
Map size
Large (8 player)
Population
200
Speed
Normal
Resources
Standard
Victory
Conquest
Starting age
Dark Age
Ending age
Imperial Age
RankedLock teamsTeams togetherTeam positionsShared explorationLock speedFull tech treeHidden civsTurbo modeCheats
Victory
Defeat
🇻🇳 Franks · Vietnam
979
+11
🇻🇳 Hindustanis · Vietnam
968
+11
914
+13
🇭🇰 Shu · Hong Kong SAR China
907
+14
🇪🇸 Lithuanians · Spain
981
-17
🇧🇪 Vietnamese · Belgium
963
-43
🇨🇳 Turks · China
754
-8
🇹🇷 Malay · Türkiye
733
-8
ccpui1203
11:03 Feudal Age
12:27 Double-Bit Axe
12:27 Horse Collar
12:37 Loom
15:25 Castle Age
14:00 Loom
17:42 Wheelbarrow
17:22 Bow Saw
19:47 Wheelbarrow
27:39 Imperial Age
25:15 Treadmill Crane
25:27 Heated Shot
25:31 Fletching
25:42 Padded Archer Armor
25:48 Stone Mining
26:03 Heavy Plow
26:11 Gold Mining
28:23 Bodkin Arrow
28:43 Leather Archer Armor
29:31 Chemistry
28:17 Arrowslits
29:46 Two-Man Saw
29:33 Gold Shaft Mining
29:33 Bracer
29:59 Ballistics
29:37 Murder Holes
29:56 Masonry
30:36 Thumb Ring
29:51 Crossbowman
30:45 Arson
30:21 Pikeman
31:02 Squires
31:28 Hand Cart
30:58 Town Watch
31:17 Arbalester
32:31 Ring Archer Armor
32:11 Forging
32:01 Scale Mail Armor
33:33 Architecture
33:13 Fortified Wall
33:36 Bolt Magazine
33:56 Conscription
34:58 Halberdier
35:40 Coiled Serpent Array
38:43 Chain Mail Armor
38:45 Guilds
41:47 Elite White Feather Guard
43:26 Coinage
42:57 Caravan
46:34 Banking
Thats How We do action in Uganda
4:08 Loom
6:26 Double-Bit Axe
12:51 Feudal Age
11:05 Horse Collar
11:38 Gold Mining
14:55 Heavy Plow
17:48 Castle Age
17:03 Bow Saw
21:38 Two-Man Saw
21:54 Crop Rotation
22:15 Wheelbarrow
21:25 Town Watch
23:20 Gold Shaft Mining
24:15 Hand Cart
24:29 Stone Mining
26:19 Stone Shaft Mining
31:11 Imperial Age
29:53 Husbandry
30:20 Ballistics
30:07 Scale Barding Armor
30:13 Forging
32:34 Chain Barding Armor
32:50 Iron Casting
32:00 Cavalier
34:13 Plate Barding Armor
35:51 Caravan
37:25 Burgundian Vineyards
37:32 Paladin
40:15 Blast Furnace
39:06 Fletching
39:17 Padded Archer Armor
40:20 Chemistry
39:17 Murder Holes
42:20 Fervor
42:31 Sanctity
42:27 Block Printing
42:39 Illumination
41:51 Light Cavalry
44:00 Conscription
44:18 Hoardings
44:06 Masonry
45:37 Hussar
47:13 Elite Skirmisher
Đại Việt 2026
0:46 Loom
10:45 Feudal Age
11:18 Double-Bit Axe
18:43 Castle Age
28:32 Wheelbarrow
28:22 Bow Saw
29:46 Ballistics
29:29 Scale Mail Armor
33:50 Imperial Age
33:26 Murder Holes
34:34 Ordonnance Companies
37:01 Chemistry
39:33 Hand Cart
40:47 Onager
41:27 Light Cavalry
42:00 Cavalier
42:40 Husbandry
43:24 Chain Mail Armor
43:20 Forging
43:47 Paladin
44:27 Husbandry
Tào Tháo
0:42 Loom
12:12 Feudal Age
13:55 Double-Bit Axe
13:51 Horse Collar
16:11 Gold Mining
16:12 Stone Mining
22:14 Castle Age
23:07 Wheelbarrow
23:40 Forging
24:34 Bow Saw
24:26 Heavy Plow
29:17 Iron Casting
32:05 Imperial Age
30:43 Iron Casting
31:51 Scale Barding Armor
31:59 Bloodlines
32:49 Gold Shaft Mining
32:50 Stone Shaft Mining
33:33 Hand Cart
34:47 Murder Holes
35:53 Chemistry
35:57 Blast Furnace
36:44 Two-Man Saw
37:32 Chain Barding Armor
36:33 Heavy Camel Rider
38:54 Plate Barding Armor
38:23 Husbandry
38:43 Caravan
39:31 Imperial Camel Rider
40:26 Siege Engineers
OOO4971
9:28 Loom
11:25 Feudal Age
18:40 Castle Age
16:59 Horse Collar
17:06 Double-Bit Axe
17:49 Gold Mining
22:15 Wheelbarrow
21:54 Caravan
23:46 Wheelbarrow
23:33 Stone Mining
24:19 Fletching
23:57 Man-at-Arms
27:59 Bow Saw
28:12 Town Watch
31:07 Heavy Plow
35:37 Imperial Age
33:46 Arson
34:01 Squires
34:34 Pikeman
37:28 Forging
37:10 Fletching
37:20 Padded Archer Armor
37:50 Elite Skirmisher
38:36 Thumb Ring
MacGyver (RubenS)
0:28 Loom
12:06 Feudal Age
14:09 Horse Collar
17:06 Castle Age
14:54 Double-Bit Axe
15:38 Stone Mining
16:09 Gold Mining
22:51 Bloodlines
25:09 Wheelbarrow
24:57 Bow Saw
25:37 Fletching
27:28 Forging
30:11 Town Watch
33:41 Scale Barding Armor
34:39 Hand Cart
35:03 Chain Barding Armor
38:57 Imperial Age
36:42 Heavy Plow
39:03 Cavalier
42:02 Crop Rotation
42:12 Iron Casting
42:15 Conscription
42:24 Husbandry
45:03 Plate Barding Armor
44:13 Light Cavalry
83766496
12:12 Feudal Age
16:44 Castle Age
14:52 Horse Collar
15:45 Double-Bit Axe
18:39 Heavy Plow
24:32 Bow Saw
26:30 Wheelbarrow
28:38 Hand Cart
28:25 Gold Mining
31:54 Imperial Age
30:09 Stone Mining
30:53 Loom
30:55 Town Watch
31:39 Forging
31:31 Padded Archer Armor
33:21 Town Patrol
33:31 Husbandry
33:44 Bloodlines
33:52 Leather Archer Armor
33:28 Fletching
34:22 Gold Shaft Mining
34:20 Conscription
35:05 Scale Barding Armor
35:32 Ring Archer Armor
35:36 Elite Janissary
37:21 Thumb Ring
37:21 Heavy Camel Rider
40:14 Chain Barding Armor
40:30 Iron Casting
39:51 Bodkin Arrow
40:35 Bombard Tower
40:36 Ballistics
39:57 Treadmill Crane
41:15 Heavy Scorpion
42:28 Artillery
43:15 Bombard Tower
42:53 Murder Holes
43:09 Masonry
43:25 Bracer
44:26 Blast Furnace
46:25 Fortified Wall
46:46 Architecture
sfazen147
12:02 Feudal Age
13:20 Double-Bit Axe
13:17 Horse Collar
18:11 Castle Age
17:08 Gold Mining
17:09 Stone Mining
19:11 Bow Saw
19:06 Heavy Plow
20:49 Wheelbarrow
20:57 Pikeman
23:38 Hand Cart
23:52 Scale Barding Armor
25:10 Thumb Ring
25:01 Fletching
25:03 Elite Skirmisher
25:40 Loom
26:25 Bodkin Arrow
27:10 Town Watch
27:51 Chain Barding Armor
27:35 Padded Archer Armor
29:44 Leather Archer Armor
31:37 Ballistics
34:09 Imperial Age
34:19 Elite Skirmisher
37:51 Paper Money
36:52 Elite Rattan Archer
38:36 Chemistry
46:45 Halberdier
Connection lost

Rejoining the realm…

Still unreachable

The connection could not be restored.

Session expired

The server has moved on; the page needs a fresh start.